ADL
PORT ADELAIDE POWER @ SOUTH ADELAIDE STAGS
08/07/2022
 
TOP OF THE 1ST
Port Adelaide Power batting - Pitching for South Adelaide Stags : RHP Paul Clohessy
Pitching: RHP Paul Clohessy
Batting: RHB Ivan McCormick 0-0: Ball
1-0: Ground out 6-3 (Groundball, 6, EV 97.5 MPH)
Batting: RHB Willie Bridgman 0-0: Ball
1-0: Called Strike
1-1: Foul Ball, location: 5F
1-2: Ball
2-2: Foul Ball, location: 2F
2-2: Ball
3-2: Base on Balls
Batting: RHB Gabriel Grove 0-0: Called Strike
0-1: Called Strike
0-2: Strikes out swinging
Batting: RHB Matt McMahon 0-0: Ball
1-0: Called Strike
1-1: Swinging Strike
1-2: Strikes out swinging
Top of the 1st over - 0 runs, 0 hits, 0 errors, 1 left on base; Port Adelaide 0 - South Adelaide 0
BOTTOM OF THE 1ST
South Adelaide Stags batting - Pitching for Port Adelaide Power : RHP Les Devereux
Pitching: RHP Les Devereux
Batting: RHB Skyler Edwards 0-0: Called Strike
0-1: Ball
1-1: Ball
2-1: Foul Ball, location: 9LDF
2-2: Foul Ball, location: 9LSF
2-2: Ball
3-2: Foul Ball, location: 2F
3-2: Base on Balls
Batting: SHB Eli Bailey 0-0: SINGLE (Groundball, 4MD, EV 98.8 MPH)
Skyler Edwards to second
Runner from 2nd tries for 3rd, SAFE, throw by CF made to third
Batting: RHB Herb Gurney 0-0: Swinging Strike
0-1: Ball
1-1: Ball
2-1: Swinging Strike
2-2: Ball
3-2: Base on Balls
Eli Bailey to second
Batting: RHB Johnathan Akhurst 0-0: Called Strike
0-1: Ball
1-1: Ground out 4-3 (Groundball, 4S, EV 72.5 MPH)
Skyler Edwards scores
Eli Bailey to third
Herb Gurney to second
Batting: RHB Noel Pengelly 0-0: Called Strike
0-1: Ball
1-1: Foul Ball, location: 5FF
1-2: Ball
2-2: SINGLE (Groundball, 4MD, EV 96.3 MPH)
Eli Bailey scores
Herb Gurney to third
Runner from 3rd tries for Home, SAFE, throw by CF to home
Batting: RHB Denny Ducat 0-0: Ball
1-0: Ball
2-0: Foul Ball, location: 7LMF
2-1: SINGLE (Groundball, 56, EV 106.9 MPH) (infield hit)
Noel Pengelly to second
Batting: RHB Rod Baker 0-0: Grounds into double play, 5-4-3 (Groundball, 56, EV 90.6 MPH)
Bottom of the 1st over - 3 runs, 3 hits, 0 errors, 1 left on base; Port Adelaide 0 - South Adelaide 3
TOP OF THE 2ND
Port Adelaide Power batting - Pitching for South Adelaide Stags : RHP Paul Clohessy
Batting: LHB Elvin Antell 0-0: Ball
1-0: Swinging Strike
1-1: Foul Ball, location: 2LF
1-2: Ball
2-2: Strikes out swinging
Batting: RHB Johnny Hammersley 0-0: Ball
1-0: SINGLE (Groundball, 4M, EV 108.1 MPH) (infield hit)
Batting: RHB Ed Clift 0-0: Ball
Johnny Hammersley is caught stealing 2nd base 2-4
1-0: Ball
2-0: Called Strike
2-1: Foul Ball, location: 2LF
2-2: Foul Ball, location: 7LMF
2-2: Strikes out looking
Top of the 2nd over - 0 runs, 1 hit, 0 errors, 0 left on base; Port Adelaide 0 - South Adelaide 3
BOTTOM OF THE 2ND
South Adelaide Stags batting - Pitching for Port Adelaide Power : RHP Les Devereux
Batting: SHB Lakota Woolland 0-0: Ball
1-0: Ball
2-0: Ball
3-0: Base on Balls
Batting: LHB Darius Garlick 0-0: Called Strike
0-1: Fly out, F8 (Flyball, 8RD, EV 103.1 MPH)
Batting: RHB Skyler Edwards 0-0: Ball
1-0: Ball
2-0: Ball
3-0: Called Strike
3-1: Swinging Strike
3-2: Base on Balls
Lakota Woolland to second
Batting: SHB Eli Bailey 0-0: Called Strike
0-1: Ball
1-1: Fly out, F8 (Flyball, 8RD, EV 99.4 MPH)
Batting: RHB Herb Gurney 0-0: Called Strike
0-1: Ball
1-1: Called Strike
1-2: Foul Ball, location: 9LSF
1-2: Ground out 5-3 (Groundball, 56S, EV 78.8 MPH)
Bottom of the 2nd over - 0 runs, 0 hits, 0 errors, 2 left on base; Port Adelaide 0 - South Adelaide 3
TOP OF THE 3RD
Port Adelaide Power batting - Pitching for South Adelaide Stags : RHP Paul Clohessy
Batting: RHB Laird Halloway 0-0: Fly out, F9 (Flyball, 9LM, EV 88.8 MPH)
Batting: LHB Brad Housley 0-0: Ball
1-0: Called Strike
1-1: Foul Ball, location: 23F
1-2: Ball
2-2: Strikes out swinging
Batting: RHB Ivan McCormick 0-0: Foul Ball, location: 25F
0-1: Foul Ball, location: 9LMF
0-2: Ground out 4-3 (Groundball, 4, EV 86.9 MPH)
Top of the 3rd over - 0 runs, 0 hits, 0 errors, 0 left on base; Port Adelaide 0 - South Adelaide 3
BOTTOM OF THE 3RD
South Adelaide Stags batting - Pitching for Port Adelaide Power : RHP Les Devereux
Batting: RHB Johnathan Akhurst 0-0: Ball
1-0: SINGLE (Groundball, 4MD, EV 108.1 MPH)
Batting: RHB Noel Pengelly 0-0: Ball
1-0: SINGLE (Groundball, 13S, EV 71.9 MPH) (infield hit)
Johnathan Akhurst to second
Batting: RHB Denny Ducat 0-0: Called Strike
0-1: Foul Ball, location: 2F
0-2: SINGLE (Flyball, 8RS, EV 91.9 MPH)
Johnathan Akhurst to third
Noel Pengelly to second
Runner from 3rd tries for Home, SAFE, throw by CF to home
Batting: RHB Rod Baker 0-0: Called Strike
0-1: Called Strike
0-2: Ground out 6-3 (Groundball, 4MS, EV 83.1 MPH)
Noel Pengelly to third
Denny Ducat to second
Batting: SHB Lakota Woolland 0-0: SINGLE (Line Drive, 4MD, EV 95.0 MPH)
Noel Pengelly scores
Denny Ducat to third
Pitching: RHP Rudy Curnow
Batting: LHB Darius Garlick 0-0: Called Strike
0-1: Grounds into double play, 6-4-3 (Groundball, 6, EV 103.8 MPH)
Bottom of the 3rd over - 2 runs, 4 hits, 0 errors, 1 left on base; Port Adelaide 0 - South Adelaide 5
TOP OF THE 4TH
Port Adelaide Power batting - Pitching for South Adelaide Stags : RHP Paul Clohessy
Batting: RHB Willie Bridgman 0-0: Called Strike
0-1: Ball
1-1: Ball
2-1: Called Strike
2-2: Fly out, F7 (Flyball, 7D, EV 107.5 MPH)
Batting: RHB Gabriel Grove 0-0: Called Strike
0-1: Ball
1-1: SINGLE (Line Drive, 9S, EV 93.8 MPH)
Batting: RHB Matt McMahon 0-0: Called Strike
0-1: Foul Ball, location: 2F
0-2: Ball
1-2: Foul Ball, location: 9LSF
1-2: Foul Ball, location: 2F
1-2: Ball
2-2: Fly out, F8 (Flyball, 8RM, EV 86.3 MPH)
Batting: LHB Elvin Antell 0-0: Foul Ball, location: 9LSFF
0-1: Foul Ball, location: 5F
0-2: Ball
1-2: Strikes out looking
Top of the 4th over - 0 runs, 1 hit, 0 errors, 1 left on base; Port Adelaide 0 - South Adelaide 5
BOTTOM OF THE 4TH
South Adelaide Stags batting - Pitching for Port Adelaide Power : RHP Rudy Curnow
Batting: RHB Skyler Edwards 0-0: Called Strike
0-1: Fly out, F4 (Line Drive, 4, EV 70.0 MPH)
Batting: SHB Eli Bailey 0-0: Ball
1-0: Ball
2-0: Called Strike
2-1: Fly out, F3 (Popup, 3SF, EV 59.4 MPH)
Batting: RHB Herb Gurney 0-0: Ball
1-0: Ball
2-0: Foul Ball, location: 2RF
2-1: Ground out 4-3 (Groundball, 4S, EV 66.3 MPH)
Bottom of the 4th over - 0 runs, 0 hits, 0 errors, 0 left on base; Port Adelaide 0 - South Adelaide 5
TOP OF THE 5TH
Port Adelaide Power batting - Pitching for South Adelaide Stags : RHP Paul Clohessy
Batting: RHB Johnny Hammersley 0-0: Called Strike
0-1: Foul Ball, location: 9LDF
0-2: Ball
1-2: Foul Ball, location: 5SF
1-2: Strikes out looking
Batting: RHB Ed Clift 0-0: Ball
1-0: Ball
2-0: Called Strike
2-1: Called Strike
2-2: Foul Ball, location: 9LDF
2-2: Ball
3-2: Strikes out swinging
Batting: RHB Laird Halloway 0-0: Foul Ball, location: 2F
0-1: Foul Ball, location: 2F
0-2: Strikes out swinging
Top of the 5th over - 0 runs, 0 hits, 0 errors, 0 left on base; Port Adelaide 0 - South Adelaide 5
BOTTOM OF THE 5TH
South Adelaide Stags batting - Pitching for Port Adelaide Power : RHP Rudy Curnow
Batting: RHB Johnathan Akhurst 0-0: SINGLE (Line Drive, 8RS, EV 103.1 MPH)
Batting: RHB Noel Pengelly 0-0: Ball
1-0: Ball
2-0: Ball
3-0: Base on Balls
Johnathan Akhurst to second
Batting: RHB Denny Ducat 0-0: Swinging Strike
0-1: Ball
1-1: SINGLE (Groundball, 34D, EV 103.8 MPH)
Johnathan Akhurst to third
Noel Pengelly to second
Batting: RHB Rod Baker 0-0: Ball
1-0: Ball
2-0: Ball
3-0: Called Strike
3-1: Fly out, F8 (Flyball, 89D, EV 107.5 MPH)
Runner from 3rd tags up, SCORES, throw by CF
Noel Pengelly to third
Batting: SHB Lakota Woolland 0-0: Hit by Pitch
Denny Ducat to second
Batting: LHB Darius Garlick 0-0: SINGLE (Groundball, 34D, EV 100.6 MPH)
Noel Pengelly scores
Denny Ducat to third
Lakota Woolland to second
Batting: RHB Skyler Edwards 0-0: Foul Ball, location: 2F
0-1: Ball
1-1: Foul Ball, location: 2F
1-2: Foul Ball, location: 25F
1-2: Strikes out swinging
Batting: SHB Eli Bailey 0-0: Called Strike
0-1: Foul Ball, location: 2F
0-2: Ball
1-2: SINGLE (Flyball, 7S, EV 91.9 MPH)
Denny Ducat scores
Lakota Woolland to third
Darius Garlick to second
Runner from 3rd tries for Home, SAFE, throw by LF to home
Batting: RHB Herb Gurney 0-0: Called Strike
0-1: Ball
1-1: Foul Ball, location: 23FF
1-2: Ball
2-2: Ground out U3 (Groundball, 34S, EV 91.9 MPH)
Bottom of the 5th over - 4 runs, 4 hits, 0 errors, 2 left on base; Port Adelaide 0 - South Adelaide 9
TOP OF THE 6TH
Port Adelaide Power batting - Pitching for South Adelaide Stags : RHP Paul Clohessy
Batting: LHB Brad Housley 0-0: Ball
1-0: Swinging Strike
1-1: Called Strike
1-2: Strikes out swinging
Batting: RHB Ivan McCormick 0-0: Fly out, F8 (Line Drive, 89M, EV 94.4 MPH)
Batting: RHB Willie Bridgman 0-0: Called Strike
0-1: Called Strike
0-2: Foul Ball, location: 9LDF
0-2: Ball
1-2: Strikes out swinging
Top of the 6th over - 0 runs, 0 hits, 0 errors, 0 left on base; Port Adelaide 0 - South Adelaide 9
BOTTOM OF THE 6TH
South Adelaide Stags batting - Pitching for Port Adelaide Power : RHP Rudy Curnow
Batting: RHB Johnathan Akhurst 0-0: Foul Ball, location: 3FF
0-1: Ball
1-1: Foul Ball, location: 2F
1-2: Ground out 3-1 (Groundball, 34, EV 86.3 MPH)
Batting: RHB Noel Pengelly 0-0: Ball
1-0: Ground out 6-3 (Groundball, 6, EV 81.3 MPH)
Batting: RHB Denny Ducat 0-0: Ball
1-0: Ball
2-0: Swinging Strike
2-1: Fly out, F8 (Flyball, 8LD, EV 103.1 MPH)
Bottom of the 6th over - 0 runs, 0 hits, 0 errors, 0 left on base; Port Adelaide 0 - South Adelaide 9
TOP OF THE 7TH
Port Adelaide Power batting - Pitching for South Adelaide Stags : RHP Paul Clohessy
Pitching: LHP Matt Alepana
Pinch Hitting: LHB Josh Beckwith 0-0: Ball
1-0: Called Strike
1-1: Ground out U3 (Groundball, 34S, EV 70.0 MPH)
Batting: RHB Matt McMahon 0-0: Ball
1-0: Foul Ball, location: 3F
1-1: Called Strike
1-2: Foul Ball, location: 2F
1-2: Ball
2-2: Ball
3-2: SINGLE (Groundball, 56D, EV 105.6 MPH)
Batting: LHB Elvin Antell 0-0: Fielders Choice at 2nd, 4-6 (Groundball, 34, EV 80.6 MPH)
Batting: RHB Johnny Hammersley 0-0: Swinging Strike
0-1: Called Strike
0-2: Ball
1-2: Ball
2-2: Foul Ball, location: 9LDF
2-2: Strikes out swinging
Top of the 7th over - 0 runs, 1 hit, 0 errors, 1 left on base; Port Adelaide 0 - South Adelaide 9
BOTTOM OF THE 7TH
South Adelaide Stags batting - Pitching for Port Adelaide Power : RHP Rudy Curnow
Now in LF: Josh Beckwith
Batting: RHB Rod Baker 0-0: Ball
1-0: Ball
2-0: Swinging Strike
2-1: Foul Ball, location: 5FF
2-2: Foul Ball, location: 23F
2-2: Foul Ball, location: 2F
2-2: Foul Ball, location: 2LF
2-2: Ball
3-2: Base on Balls
Pitching: LHP Norm Kingston
Batting: SHB Lakota Woolland 0-0: Swinging Strike
0-1: 2-RUN HOME RUN (Flyball, 9D, EV 97.5 MPH), Distance : 371 ft
Pinch Hitting: LHB Elian Shrimpton 0-0: Ground out 3-1 (Groundball, 34S, EV 68.1 MPH)
Pinch Hitting: LHB Mark Walshe 0-0: Ball
1-0: Ball
2-0: Called Strike
2-1: DOUBLE (Line Drive, 89M, EV 106.9 MPH)
Batting: SHB Eli Bailey 0-0: Ball
1-0: Ground out 1-3 (Groundball, 15S, EV 63.8 MPH)
Batting: RHB Herb Gurney 0-0: Foul Ball, location: 9LMF
0-1: Called Strike
0-2: Foul Ball, location: 2F
0-2: Ball
1-2: 2-RUN HOME RUN (Flyball, 7LD, EV 95.6 MPH), Distance : 361 ft
Batting: RHB Johnathan Akhurst 0-0: Ball
1-0: Called Strike
1-1: Called Strike
1-2: Ball
2-2: Ball
3-2: Base on Balls
Batting: RHB Noel Pengelly 0-0: Called Strike
0-1: Foul Ball, location: 2F
0-2: Fly out, F8 (Flyball, 8RS, EV 83.8 MPH)
Bottom of the 7th over - 4 runs, 3 hits, 0 errors, 1 left on base; Port Adelaide 0 - South Adelaide 13
TOP OF THE 8TH
Port Adelaide Power batting - Pitching for South Adelaide Stags : LHP Matt Alepana
Now in CF: Billy Thrippleton
Now in RF: Mark Walshe
Pinch Hitting: LHB William Kline 0-0: Called Strike
0-1: Called Strike
0-2: Foul Ball, location: 7LDF
0-2: Reached on error, E4 (Groundball, 4, EV 107.5 MPH)
Batting: RHB Laird Halloway 0-0: Ball
1-0: TRIPLE (Flyball, 89XD, EV 106.9 MPH)
William Kline scores
Pinch Hitting: RHB Kelvin Slater 0-0: Ball
1-0: Called Strike
1-1: Called Strike
1-2: Ball
2-2: Strikes out swinging
Batting: RHB Ivan McCormick 0-0: Ball
1-0: Called Strike
1-1: SINGLE (Groundball, 6MD, EV 98.8 MPH) (infield hit)
Laird Halloway scores
Batting: RHB Willie Bridgman 0-0: Called Strike
0-1: Called Strike
0-2: Ball
1-2: Foul Ball, location: 2F
1-2: Foul Ball, location: 2F
1-2: Fielders Choice at 2nd, 6-4 (Groundball, 6, EV 90.6 MPH)
Pinch Hitting: RHB Rupert Cawsey 0-0: Ball
1-0: Ball
2-0: Ball
3-0: Base on Balls
Willie Bridgman to second
Batting: RHB Matt McMahon 0-0: Called Strike
0-1: DOUBLE (Groundball, 5L, EV 103.1 MPH)
Willie Bridgman scores
Rupert Cawsey to third
Batting: RHB John Ayles 0-0: Ball
1-0: Foul Ball, location: 3FF
1-1: Fly out, F9 (Flyball, 9, EV 94.4 MPH)
Top of the 8th over - 3 runs, 3 hits, 1 error, 2 left on base; Port Adelaide 3 - South Adelaide 13
BOTTOM OF THE 8TH
South Adelaide Stags batting - Pitching for Port Adelaide Power : LHP Norm Kingston
Now at 1B: Rupert Cawsey
Now at 3B: William Kline
Now in LF: Kelvin Slater
Batting: RHB Denny Ducat 0-0: DOUBLE (Flyball, 78XD, EV 110.0 MPH)
Batting: RHB Rod Baker 0-0: Called Strike
0-1: Ball
1-1: Ball
2-1: Ground out U3 (Groundball, 34S, EV 81.9 MPH)
Denny Ducat to third
Batting: SHB Lakota Woolland 0-0: Ball
1-0: Ground out 5-3 (Groundball, 5L, EV 88.1 MPH)
Batting: RHB Billy Thrippleton 0-0: Swinging Strike
0-1: Foul Ball, location: 25FF
0-2: Foul Ball, location: 5FF
0-2: Foul Ball, location: 9LSF
0-2: Ball
1-2: Foul Ball, location: 7LSF
1-2: Ball
2-2: Ball
3-2: Base on Balls
Pinch Hitting: RHB Robbie Darwin 0-0: Called Strike
0-1: Ball
1-1: Foul Ball, location: 3F
1-2: Foul Ball, location: 2F
1-2: Fielders Choice at 2nd, 6-4 (Groundball, 6, EV 88.8 MPH)
Bottom of the 8th over - 0 runs, 1 hit, 0 errors, 2 left on base; Port Adelaide 3 - South Adelaide 13
TOP OF THE 9TH
Port Adelaide Power batting - Pitching for South Adelaide Stags : LHP Matt Alepana
Now in RF: Shane Cogan
Pinch Hitting: RHB Mark Barnett 0-0: Called Strike
0-1: Ball
1-1: Called Strike
1-2: Foul Ball, location: 9LMF
1-2: Strikes out swinging
Pinch Hitting: LHB Alistair Nicolau 0-0: Ball
1-0: Ball
2-0: Foul Ball, location: 23F
2-1: Ball
3-1: Called Strike
3-2: SINGLE (Groundball, 6MD, EV 98.8 MPH)
Pitching: LHP Brant Furner
Batting: RHB Laird Halloway 0-0: Called Strike
0-1: Grounds into double play, 4-6-3 (Groundball, 4, EV 88.1 MPH)
Top of the 9th over - 0 runs, 1 hit, 0 errors, 0 left on base; Port Adelaide 3 - South Adelaide 13
Tuesday, May 7th , 2024 - OOTP Baseball 24.9 Build 80